 Dungeon Crawl Stone Soup version 0.20.1-1-g8b1a95d (webtiles) character file.

2502 Knicklaso the Grappler (level 9, -3/80 HPs)
             Began as a Troll Monk on July 19, 2017.
             Slain by a troll (12 damage)
             ... on level 8 of the Dungeon.
             The game lasted 00:16:00 (5755 turns).

Knicklaso the Grappler (Troll Monk)                 Turns: 5755, Time: 00:16:01

Health: -3/80      AC:  5    Str: 21    XL:     9   Next: 28%
Magic:  8/8        EV: 11    Int:  6    God:
Gold:   303        SH:  0    Dex: 15    Spells: 8/8 levels left

rFire    . . .     SeeInvis .     - Unarmed
rCold    . . .     Gourm    +   (no shield)
rNeg     . . .     Faith    .   a - +0 robe
rPois    .         Spirit   .   (helmet restricted)
rElec    .         Reflect  .   (no cloak)
rCorr    .         Harm     .   (gloves unavailable)
MR       .....                  (boots unavailable)
Stlth    ++........             (no amulet)
Regen    0.7/turn               (no ring)
MPRegen  0.2/turn               (no ring)

@: no status effects
A: unfitting armour, claws 3, fast metabolism 3, gourmand, regeneration 1,
shaggy fur 1, tough skin 2
a: no special abilities


You were on level 8 of the Dungeon.
You were not hungry.

You visited 1 branch of the dungeon, and saw 8 of its levels.

You collected 408 gold pieces.
You spent 105 gold pieces at shops.

Inventory:

Missiles
 e - 103 stones
 n - 4 large rocks (quivered)
 A - 6 javelins of returning
Armour
 a - a +0 robe (worn)
Jewellery
 g - a +5 ring of intelligence {unknown}
 C - a +3 ring of slaying {unknown}
Wands
 o - a wand of paralysis (17/24)
 t - a wand of lightning (4/15)
 y - a wand of random effects (9/48)
Scrolls
 f - 12 scrolls of identify {unknown}
 h - 5 scrolls of teleportation {unknown}
 i - 5 scrolls of remove curse {unknown}
 q - a scroll of recharging {unknown}
 r - a scroll of enchant armour {unknown}
 s - 2 scrolls of amnesia {unknown}
 w - a scroll of enchant weapon {unknown}
 x - a scroll of random uselessness {unknown}
 B - a scroll of magic mapping {unknown}
Potions
 d - 4 potions of heal wounds {unknown}
 j - 3 potions of resistance {unknown}
 k - 2 potions of curing {unknown}
 l - 6 potions of lignification {unknown}
 m - 2 potions of flight {unknown}
 v - a potion of agility {unknown}
 z - a potion of might {unknown}
Comestibles
 b - 10 bread rations
 c - 5 royal jellies
 p - 3 meat rations
 u - 4 fruits


   Skills:
 + Level 2.4 Fighting
 - Level 8.0 Throwing
 + Level 2.4 Dodging
 - Level 1.0 Stealth
 + Level 9.4 Unarmed Combat


You had 8 spell levels left.
You didn't know any spells.

Dungeon Overview and Level Annotations

Branches:
Dungeon (8/15)             Temple (0/1) D:7
   Lair: D:8-11

Altars:
Ashenzari
Elyvilon
Gozag
Kikubaaqudgha
Qazlal
Ru
Sif Muna
Trog
Uskayaw
Xom
Yredelemnul
Zin

Shops:
D:6 (   D:7 *

Annotations:
D:5 2 transporters, Menkaure


Innate Abilities, Weirdness & Mutations

You are too large for most types of armour.
You have claws for hands.
Your metabolism is lightning-fast.
You like to eat raw meat.
Your natural rate of healing is unusually fast.
You are covered in fur. (AC +1)
You have very tough skin. (AC +2)


Message History

Press: ? - help, Shift-Dir - straight line, f/p - troll
Aim: a troll You throw a large rock.
The large rock barely misses the troll.
You hear a shout!
The troll bites you!
* * * LOW HITPOINT WARNING * * *
The troll claws you.
* * * LOW HITPOINT WARNING * * *
The troll claws you.
* * * LOW HITPOINT WARNING * * *
The troll misses you. x2; The troll closely misses you.
A gnoll comes into view. It is wielding a whip.
Throwing (i - inventory. (,) - cycle):
n - 5 large rocks (quivered)
Press: ? - help, Shift-Dir - straight line, f/p - troll
Aim: a troll You throw a large rock.
The large rock hits the troll but does no damage.
The troll closely misses you. The troll claws you but does no damage.
The troll claws you!
You die...

##(. ##..#
.###.#(#.#..#
......(g....#
#.....(..!..# .#
#.###..(#####?.#
#.##....g.......
#.##.###g......#
###....#
#T#####.# #
#..^...###@#
#..###..........#
#...........).###
#..###<....#### #
#.....# ###.###
#... #####


You could see a troll, a gnoll shaman and 2 gnolls.

Vanquished Creatures
  Duvessa (D:4)
  An orc warrior (D:7)
  3 phantoms
  2 ice beasts
  A centaur (D:7)
  3 ogres
  4 bullfrogs
  A gnoll sergeant (D:7)
  Dowan (D:4)
  A scorpion (D:4)
  A crimson imp (D:7)
  3 orc priests
  4 hounds
  2 jellies
  9 orc wizards
  2 bullfrog skeletons
  An iguana (D:6)
  5 worker ants
  A killer bee zombie (D:7)
  A worker ant zombie (D:3)
  Robin (D:4)
  9 gnolls
  7 adders
  3 shadow imps
  3 oozes
  2 worms
  2 dart slugs (D:1)
  4 leopard geckos
  27 orcs
  5 giant cockroaches
  9 goblins
  6 hobgoblins
  5 jackals
  2 quokkas
  A ball python (D:1)
  A ball python skeleton (D:5)
  7 bats
  5 frilled lizards
  10 kobolds
  A leopard gecko zombie (D:6)
  2 quokka zombies
  7 rats
166 creatures vanquished.

Notes
Turn   | Place    | Note
-------+----------+-------------------------------------------
     0 | D:1      | Knicklaso the Troll Monk began the quest for the Orb.
     0 | D:1      | Reached XP level 1. HP: 22/22 MP: 0/0
   179 | D:1      | Reached XP level 2. HP: 25/29 MP: 1/1
   239 | D:1      | Reached skill level 1 in Throwing
   548 | D:1      | Reached XP level 3. HP: 30/36 MP: 2/2
   911 | D:2      | Found a shimmering altar of Xom.
  1047 | D:2      | Found a deep blue altar of Sif Muna.
  1143 | D:2      | Reached skill level 4 in Unarmed Combat
  1159 | D:2      | Found a white marble altar of Elyvilon.
  1298 | D:3      | Reached XP level 4. HP: 41/44 MP: 3/3
  1821 | D:3      | Found a bloodstained altar of Trog.
  1821 | D:3      | Found a hide-covered altar of Uskayaw.
  2212 | D:4      | Reached XP level 5. HP: 16/50 MP: 4/4
  2307 | D:4      | Noticed Duvessa
  2310 | D:4      | Noticed Dowan
  2332 | D:4      | Killed Duvessa
  2332 | D:4      | Reached skill level 5 in Unarmed Combat
  2354 | D:4      | Killed Dowan
  2354 | D:4      | Reached XP level 6. HP: 11/59 MP: 5/5
  2419 | D:4      | Noticed Robin
  2425 | D:4      | Killed Robin
  2581 | D:4      | Reached skill level 6 in Unarmed Combat
  2594 | D:4      | Reached XP level 7. HP: 59/66 MP: 6/6
  2602 | D:4      | Found a glowing silver altar of Zin.
  2844 | D:4      | Found a shattered altar of Ashenzari.
  3380 | D:5      | Entered Level 5 of the Dungeon
  3423 | D:5      | Reached skill level 5 in Throwing
  3648 | D:5      | Found a sacrificial altar of Ru.
  3656 | D:5      | Reached skill level 7 in Unarmed Combat
  3697 | D:5      | Found an ancient bone altar of Kikubaaqudgha.
  3697 | D:5      | Found a basalt altar of Yredelemnul.
  3698 | D:5      | Noticed Menkaure
  3705 | D:5      | Noticed a vampire
  3711 | D:5      | Found a transporter.
  3713 | D:5      | Found a transporter.
  3943 | D:6      | Found an opulent altar of Gozag.
  4003 | D:6      | Reached XP level 8. HP: 74/74 MP: 7/7
  4050 | D:6      | Found Wiasiung's Weapon Boutique.
  4062 | D:6      | Bought 6 javelins of returning for 105 gold pieces
  4356 | D:6      | Found a stormy altar of Qazlal.
  4434 | D:6      | Reached skill level 8 in Unarmed Combat
  4727 | D:7      | Found Qakofaho's Assorted Antiques.
  5161 | D:7      | Found a staircase to the Ecumenical Temple.
  5170 | D:7      | Reached XP level 9. HP: 80/80 MP: 8/8
  5173 | D:7      | Reached skill level 9 in Unarmed Combat
  5742 | D:8      | Noticed a troll
  5755 | D:8      | Slain by a troll

Skill      XL: |  1  2  3  4  5  6  7  8  9 |
---------------+----------------------------+-----
Throwing       | 1 2 3 4 5 7 8 |  8.0
Unarmed Combat | 4 5 6 7 8 9 |  9.4
Fighting       | |  2.4
Dodging        | |  2.4
Stealth        | |  1.0

Action                   |  1- 3 |  4- 6 |  7- 9 || total
-------------------------+-------+-------+-------++-------
Melee: Unarmed           |    88 |   129 |   200 ||   417
       Punch             |       |     3 |     6 ||     9
Throw: Stone             |       |     7 |   232 ||   239
       Large rock        |       |       |     2 ||     2
 Stab: Sleeping          |     6 |     2 |       ||     8
       Distracted        |       |     1 |       ||     1
  Eat: Chunk             |     9 |    20 |    24 ||    53
Armor: Robe              |    24 |    25 |    42 ||    91
Dodge: Dodged            |    33 |    65 |    74 ||   172
